Map: Odyssey LE

Players

INnoVation

  • Race: Terran Terran
  • Spawn Location: 11:00

TYTY (TY) - Winner!

  • Race: Terran Terran
  • Spawn Location: 5:00

Event: 2017 WCS Global Finals

VOD

Have the link to the VOD?

Description

Time

  • Played on: Nov. 3, 2017, 7:53 p.m.
  • Length: 7:31

All games in this series

Show
View Real Time Build Order
Export as new Build Order

INnoVation Terran 

Build Orders: Cyclone Opening 

Get SALT Encoding   

  12  0:00  SCV  
  13  0:12  SCV  
  14  0:16  Supply Depot  
  14  0:24  SCV  
  15  0:38  SCV  
  15  0:40  Barracks  
  16  0:43  Refinery  
  16  0:50  SCV  
  17  1:02  SCV  
  18  1:14  SCV  
  19  1:27  Reaper, Orbital Command  
  20  1:40  Refinery  
  20  1:44  Supply Depot  
  20  1:53  SCV  
  21  1:59  Marine  
  22  2:02  Factory  
  22  2:05  SCV  
  23  2:17  SCV, Marine  
  23  2:22  Supply Depot  
  25  2:29  SCV  
  26  2:34  Marine  
  27  2:41  SCV  
  27  2:42  Bunker  
  28  2:46  Cyclone  
  28  2:49  Starport  
  31  2:52  Marine  
  31  2:53  SCV  
  33  2:59  Supply Depot  
  33  3:05  SCV  
  33  3:10  Marine  
  35  3:18  SCV, Cyclone  
  39  3:26  Medivac  
  41  3:31  Barracks Reactor  
  41  3:37  Command Center  
  41  3:40  SCV  
  41  3:51  Cyclone  
  41  3:52  SCV  
  43  4:04  SCV  
  43  4:08  Marine x2  
  41  4:16  SCV  
  41  4:29  SCV  
  34  4:41  SCV  
  34  4:45  Marine x2  
  37  4:47  Starport Tech Lab  
  40  5:00  Orbital Command  
  40  5:05  SCV, Marine x2  
  40  5:07  Raven  
  42  5:17  SCV  
  42  5:19  Cyclone  
  46  5:25  Marine x2  
  48  5:36  SCV x2  
  50  5:42  Marine x2  
  50  5:48  SCV x2  
  51  5:56  Raven  
  48  6:00  SCV, Marine x2  
  48  6:01  SCV  
  52  6:16  SCV x2  
  53  6:19  Marine x2  
  53  6:21  Factory Tech Lab  
  53  6:25  Command Center  
  55  6:28  SCV  
  55  6:29  SCV  
  55  6:31  Supply Depot  
  57  6:40  SCV  
  57  6:41  SCV  
  59  6:48  Refinery  
  59  6:49  Refinery, Siege Tank  
  59  6:50  Starport Reactor  
  59  6:53  SCV x2  
  64  6:54  Supply Depot  
  63  7:04  Marine  
  63  7:05  SCV x2  
  61  7:17  SCV x2  
Show
View Real Time Build Order
Export as new Build Order

TYTY Terran - Winner!

Build Orders: 1/1/1, Cyclone Opening 

Get SALT Encoding   

  12  0:00  SCV  
  13  0:12  SCV  
  14  0:17  Supply Depot  
  14  0:24  SCV  
  14  0:27  Refinery  
  15  0:39  SCV  
  16  0:45  Barracks  
  16  0:50  Refinery  
  16  0:54  SCV  
  17  1:06  SCV  
  18  1:18  SCV  
  20  1:33  Reaper  
  20  1:34  Orbital Command  
  20  1:35  Factory  
  20  1:46  Supply Depot  
  20  2:00  SCV  
  21  2:05  Reaper  
  22  2:12  SCV  
  23  2:19  Cyclone  
  23  2:21  Starport  
  26  2:24  SCV  
  27  2:32  Supply Depot  
  27  2:36  SCV  
  28  2:40  Liberator  
  28  2:48  SCV  
  31  2:51  Hellion  
  34  3:01  Supply Depot, SCV  
  35  3:14  Factory Tech Lab, SCV, Barracks Reactor  
  36  3:26  SCV  
  37  3:33  Command Center  
  37  3:38  SCV  
  38  3:45  Siege Tank  
  41  3:51  Marine x2  
  41  3:54  SCV  
  43  3:56  Medivac  
  45  4:03  Supply Depot  
  45  4:09  Marine x2  
  46  4:11  SCV  
  47  4:25  Siege Tank  
  47  4:26  Supply Depot  
  47  4:30  SCV  
  47  4:31  Marine x2  
  51  4:36  Viking  
  52  4:45  Orbital Command  
  52  4:48  SCV  
  52  4:50  Marine  
  54  4:57  Siege Tank  
  53  5:00  SCV  
  53  5:04  Marine  
  55  5:08  Marine  
  55  5:12  SCV x2  
  58  5:24  SCV x2  
  58  5:28  Marine x2  
  61  5:30  Siege Tank  
  60  5:36  SCV x2  
  62  5:45  Marine x2  
  62  5:48  SCV  
  64  5:50  SCV  
  63  6:00  SCV  
  63  6:02  Command Center, SCV  
  63  6:03  Marine  
  66  6:08  Siege Tank  
  69  6:13  SCV  
  69  6:14  SCV  
  69  6:20  Marine  
  69  6:25  SCV  
  71  6:26  SCV  
  71  6:30  Barracks  
  71  6:31  Barracks  
  71  6:32  Marine  
  73  6:36  Starport Tech Lab  
  73  6:37  SCV  
  73  6:38  SCV, Marine  
  76  6:46  Supply Depot  
  76  6:47  Refinery  
  76  6:48  Supply Depot  
  76  6:49  SCV  
  76  6:50  SCV  
  78  7:08  SCV x2, Marine x2  
  85  7:09  Refinery  
  85  7:11  Supply Depot, Engineering Bay  
  85  7:12  Engineering Bay  
  85  7:14  Starport Reactor  
Tags
 
Add a new tag
Caveats
  • Supply blocks, unpowered buildings, or Contaminate may cause inaccurate times.
  • Supply counts are checked every 10 seconds.